 Dungeon Crawl Stone Soup version 0.22-a0-248-gc8378ba (webtiles) character file.

173 JeffiDaFish the Firebug (level 5, -2/38 HPs)
             Began as a Draconian Fire Elementalist on Feb 28, 2018.
             Slain by Sigmund
             ... wielding a cursed -1 scythe
              (6 damage)
             ... on level 3 of the Dungeon.
             The game lasted 00:06:52 (2855 turns).

JeffiDaFish the Firebug (DrFE)                      Turns: 2855, Time: 00:06:53

Health: -2/38      AC:  5    Str: 10    XL:     5   Next: 28%
Magic:  1/10       EV: 12    Int: 17    God:
Gold:   181        SH:  0    Dex: 11    Spells: 6/10 levels left

rFire    . . .     SeeInvis .   d - +0 short sword
rCold    . . .     Gourm    .   (no shield)
rNeg     . . .     Faith    .   (armour unavailable)
rPois    .         Spirit   .   (helmet restricted)
rElec    .         Reflect  .   (no cloak)
rCorr    .         Harm     .   (no gloves)
MR       .....                  (no boots)
Stlth    ++........             (no amulet)
HPRegen  0.12/turn              (no ring)
MPRegen  0.12/turn              (no ring)

@: no status effects
A: unfitting armour, cold-blooded, AC +5
a: no special abilities


You were on level 3 of the Dungeon.
You were not hungry.

You visited 1 branch of the dungeon, and saw 3 of its levels.

You collected 181 gold pieces.

Inventory:

Hand Weapons
 c - a +0 dagger
 d - a +0 short sword (weapon)
Armour
 f - a +0 cloak
Scrolls
 b - a scroll of identify
 e - a scroll of remove curse
Comestibles
 a - 4 rations


   Skills:
 - Level 1.7 Dodging
 - Level 1.7 Stealth
 * Level 3.3 Spellcasting
 * Level 2.8 Conjurations
 * Level 4.4 Fire Magic


You had 6 spell levels left.
You knew the following spells:

 Your Spells              Type           Power        Failure   Level  Hunger
a - Flame Tongue          Conj/Fire      ###..        3%          1    None
b - Conjure Flame         Conj/Fire      ###.....     12%         3    ###....


Dungeon Overview and Level Annotations

Branches:
Dungeon (3/15)

Altars:
Gozag
Ru

Annotations:
D:3 Sigmund


Innate Abilities, Weirdness & Mutations

Your plain brown scales are hard. (AC +5)
You cannot fit into any form of body armour.
You are cold-blooded and may be slowed by cold attacks.


Message History

Aiming: Flame Tongue (safe; 3% risk of failure)
Press: ? - help, Shift-Dir - straight line You hear some strange, mumbled words.
Something tries to affect you, but you resist.
Sigmund appears from thin air!
Reactivating autopickup.
Sigmund looks at you with fury. Sigmund gestures at you while chanting.
The magic dart hits you!
Sigmund giggles. "Time to reap what you sow."
Sigmund barely misses you.
You closely miss Sigmund.
Sigmund is moderately wounded.
Sigmund gestures at you while chanting. The magic dart hits you!
* * * LOW HITPOINT WARNING * * *
You hit Sigmund.
Sigmund is moderately wounded.
Sigmund hits you with an enchanted scythe.
You die...

#....# #....#
#....# #######
#....#
......########
#....#
........[....#
##....#
.......#####.###
##[....# .......#
#...#######.)#.###
.......#
###..@@>.##.##.#
#..###.#
######.#..##.# #
#..# #.#
#####...###.# ###.{
#..# #.# #...##..#
#.##....# #..# #.#
#...##..###...(#
#..# #.###
#...##..#....###
#..# #...#
#...#........######
##.#####.###
#.........#........
#..# #...#
#....######.##..###


You could see Sigmund.

Vanquished Creatures
  Crazy Yiuf (D:3)
  Jessica (D:3)
  An iguana (D:2)
  An adder (D:2)
  2 oozes (D:2)
  2 worms
  2 dart slugs (D:1)
  5 orcs (D:3)
  8 bats
  7 goblins
  8 hobgoblins
  7 jackals
  6 frilled lizards
  4 kobolds
  7 rats
62 creatures vanquished.

Notes
Turn   | Place    | Note
-------+----------+-------------------------------------------
     0 | D:1      | JeffiDaFish the Draconian Fire Elementalist began the quest for the Orb.
     0 | D:1      | Reached XP level 1. HP: 14/14 MP: 3/3
   507 | D:1      | Reached XP level 2. HP: 20/20 MP: 5/5
  1160 | D:2      | Reached XP level 3. HP: 22/26 MP: 6/6
  1298 | D:2      | Learned a level 3 spell: Conjure Flame
  1513 | D:2      | Reached XP level 4. HP: 32/33 MP: 2/8
  1790 | D:2      | Reached skill level 4 in Fire Magic
  2158 | D:3      | Found a runed door.
  2162 | D:3      | Noticed Crazy Yiuf
  2167 | D:3      | Killed Crazy Yiuf
  2334 | D:3      | Reached XP level 5. HP: 23/38 MP: 5/9
  2554 | D:3      | Noticed Jessica
  2559 | D:3      | Killed Jessica
  2751 | D:3      | Found an opulent altar of Gozag.
  2751 | D:3      | Found a sacrificial altar of Ru.
  2802 | D:3      | Noticed Sigmund
  2855 | D:3      | Slain by Sigmund

Vault maps used:
D:1:      enne_arrival_octagon_isle, kennysheep_nondescript
D:2:      first_ration
D:3:      overflow_temple_1_default, gammafunk_temple_overflow_wave,
          uniq_sigmund, uniq_jessica, uniq_crazy_yiuf_cottage, uniq_grinder,
          uniq_terence

Skill      XL: |  1  2  3  4 |
---------------+-------------+-----
Conjurations   | 2 |  2.8
Fire Magic     | 4 |  4.4
Spellcasting   | 3 |  3.3
Dodging        | |  1.7
Stealth        | |  1.7

Action                   |  1- 3 |  4- 6 || total
-------------------------+-------+-------++-------
Melee: Short sword       |    59 |    74 ||   133
       Tailslap          |     5 |     4 ||     9
       Dagger            |     2 |       ||     2
       Unarmed           |     2 |       ||     2
 Cast: Flame Tongue      |    35 |    33 ||    68
       Conjure Flame     |       |     2 ||     2
  Use: Scroll            |     4 |       ||     4
       Potion            |     2 |     3 ||     5
 Stab: Sleeping          |     1 |     1 ||     2
  Eat: Chunk             |     2 |     5 ||     7
Armor: Skin              |    22 |    24 ||    46
Dodge: Dodged            |    67 |    57 ||   124

Table legend:
 A = Spawn XP
 B = Non-spawn XP
 C = Spawn XP percentage of total XP
 D = Spawn monster count
 E = Non-spawn monster count
 F = Spawn count percentage of total count
 G = Total turns spent on level
                    A         B        C        D         E        F      G
               +---------+---------+-------+---------+---------+-------+---------
         Total |       0 |     248 |   0.0 |       0 |      62 |   0.0 |  2855
               +---------+---------+-------+---------+---------+-------+---------
           D:1 |       0 |      37 |   0.0 |       0 |      22 |   0.0 |  1147
           D:2 |       0 |     107 |   0.0 |       0 |      28 |   0.0 |   984
           D:3 |       0 |     104 |   0.0 |       0 |      12 |   0.0 |   724
               +---------+---------+-------+---------+---------+-------+---------
